 Dungeon Crawl Stone Soup version 0.30-a0-474-g5673dd7ce6 (webtiles) character file.

Game seed: 2520399152025952348

929 M4edhros the Sneak (level 8, 0/38 (43) HPs)
             Began as an Octopode Artificer on Dec 20, 2022.
             Was a Believer of Cheibriados.
             Shot with a sling bullet by a hobgoblin (6 damage)
             ... on level 3 of the Dungeon.
             The game lasted 00:15:32 (2191 turns).

M4edhros the Sneak (Octopode Artificer)             Turns: 2191, Time: 00:15:33

HP:   0/38 (43)     AC:  1    Str: 16 (17) XL:     8   Next: 11%
MP:   8/8           EV: 17    Int: 15 (18) God:    Cheibriados [**....]
Gold: 42            SH:  0    Dex: 23 (24) Spells: 6/7 levels left

rFire   . . .      SeeInvis .      - Unarmed
rCold   . . .      Faith    .    (no shield)
rNeg    . . .      Spirit   .    (helmet restricted)
rPois   .          Reflect  .    (no amulet)
rElec   .          Harm     .    (no ring)
rCorr   .          Rampage  .    (no ring)
Will    .....                    (no ring)
Stlth   +++++.....               (no ring)
HPRegen 0.26/turn                (no ring)
MPRegen 0.11/turn                (no ring)
                                 (no ring)
                                 (no ring)

@: heavily drained, very slow
A: almost no armour, amphibious, 8 rings, camouflage 1, gelatinous body 1,
(nimble swimmer 1), tentacles, agile 1, frail 1
a: Renounce Religion, Bend Time


You were on level 3 of the Dungeon.
You worshipped Cheibriados.
Cheibriados was pleased with you.
You visited 2 branches of the dungeon, and saw 7 of its levels.

You collected 119 gold pieces.
You spent 77 gold pieces at shops.

Inventory:

Hand Weapons
 h - a +0 sling
Missiles
 q - 13 poisoned darts
Armour
 j - an orb of light
Wands
 s - a wand of paralysis (12)
Scrolls
 a - a scroll of amnesia {unknown}
 e - 3 scrolls of teleportation {unknown}
 g - 2 scrolls of identify {unknown}
 l - 2 scrolls of fear {unknown}
 m - a scroll of enchant weapon {unknown}
 o - a scroll of immolation {unknown}
 p - 3 scrolls of fog {unknown}
 r - a scroll of torment {unknown}
 u - 3 scrolls of vulnerability {unknown}
Potions
 b - a potion of might
 n - a potion of degeneration


   Skills:
 - Level 1.0 Fighting
 + Level 5.9 Dodging
 + Level 6.1 Stealth
 * Level 3.5 Unarmed Combat
 + Level 5.7 Evocations


You had 6 spell levels left.
You knew the following spells:

 Your Spells              Type           Power      Damage    Failure   Level
a - Apportation           Tloc           0%         N/A       26%         1

Your spell library contained the following spells:

 Spells                   Type           Power      Damage    Failure   Level
 Freeze                   Ice            0%         1d3       26%         1
 Necrotise                Necr           0%         1d4       26%         1
 Summon Small Mammal      Summ           0%         N/A       26%         1
 Static Discharge         Conj/Air       0%         2-2/arc   38%         2
 Frozen Ramparts          Ice            0%         1d1       63%         3
 Hailstorm                Conj/Ice       0%         3d3       63%         3
 Vampiric Draining        Necr           0%         2d6       63%         3
 Vhi's Electric Charge    Tloc/Air       0%         N/A       63%         3
 Agony                    Necr           0%         N/A       100%        5
 Arcjolt                  Conj/Air       0%         1d10      100%        5
 Lightning Bolt           Conj/Air       0%         1d11      100%        5


Dungeon Overview and Level Annotations

Branches:
Dungeon (6/15)             Temple (1/1) D:6

Altars:
Ashenzari
Cheibriados
Dithmenos
Elyvilon
Fedhas
Gozag
Hepliaklqana
Makhleb
Okawaru
Qazlal
Ru
Sif Muna
Uskayaw
Vehumet
Wu Jian
Xom

Shops:
D:3 !


Innate Abilities, Weirdness & Mutations

You cannot wear most types of armour.
You are amphibious.
You can wear up to eight rings at the same time.
Your skin changes colour to match your surroundings (Stealth+).
Your rubbery body absorbs attacks. (AC +1, EV +1)
((You are camouflaged when in or above water. (Stealth+)))
You have tentacles for arms and can constrict up to eight enemies at once.
You are agile. (Dex +4, Str/Int -1)
You are frail. (-10% HP)


Message History

Unknown command.
It was a potion of cancellation.
Your magical effects are unravelling.
You feel magically purged.
You flicker back into view.
The hobgoblin shoots a sling bullet.
The sling bullet hits you.
* * * LOW HITPOINT WARNING * * *
You hear a shout! x2
Unknown command.
Unknown command.
It was a potion of mutation.
You feel extremely strange.
Your urge to shout disappears.
You feel agile.
You no longer become unable to read scrolls after taking damage.
You feel frail.
You feel agile.
A hobgoblin comes into view. It is wielding a +0 club.
The hobgoblin shoots a sling bullet.
The sling bullet completely misses you.
Unknown command.
Okay, then.
You cannot read scrolls in your current state!
You bludgeon the goblin!
You kill the goblin!
Cheibriados appreciates the change of pace.
You can read scrolls again.
The hobgoblin shoots a sling bullet.
The sling bullet hits you.
* * * LOW HITPOINT WARNING * * *
Your hobgoblin shoots a sling bullet.
The sling bullet closely misses the goblin.
A gnoll comes into view. It is wielding a +0 spear.
You hear a shout!
Unknown command.
Unknown command.
Okay, then.
The hobgoblin shoots a sling bullet.
The sling bullet completely misses you.
Your hobgoblin shoots a sling bullet.
The sling bullet barely misses the goblin.
The hobgoblin shoots a sling bullet.
The sling bullet barely misses you.
Your hobgoblin unwields a +0 sling.
Your hobgoblin closely misses the goblin.
The hobgoblin shoots a sling bullet.
The sling bullet hits you.
You die...

######## #############
#......## ##.....#......
#.......###......'......
'##........#.......########
...gg......#...)....))....#
....g..g..@'........).)...'
g...g..g...#........))....#
≈≈
'##........#.....).########
≈≈≈≈
#.......###....).'.....
≈≈≈≈ #......##
##.....#..... ≈≈≈≈
#########################
≈≈≈≈#####≈≈≈≈≈≈≈≈≈≈≈≈
≈≈≈≈≈≈≈≈≈
≈≈≈≈≈≈≈≈≈≈≈≈≈≈≈≈≈≈≈≈~
≈≈≈≈≈≈≈≈~
~≈~~~~~≈~≈~~~~~~~~~~~
~~~~~~≈~~


You could see a gnoll, 3 hobgoblins, a goblin (ally target) and a friendly
hobgoblin (charmed).

Vanquished Creatures
  Eustachio (D:5)
  Menkaure (D:5)
  2 black bears
  A necrophage (D:5)
  A scorpion (D:5)
  An orc priest (D:6)
  An iguana (D:4)
  Terence (D:2)
  A gnoll (D:3)
  5 adders
  A river rat (D:3)
  An ufetubus (D:4)
  A worm (D:3)
  The ghost of fly the Sneak, a weakling DgDe (D:3)
  2 dart slugs
  13 orcs
  4 endoplasms
  5 giant cockroaches
  29 goblins
  23 hobgoblins
  5 jackals
  4 kobolds
  3 quokkas
  11 ball pythons
  4 bats
  A frilled lizard (D:3)
  3 rats
126 creatures vanquished.

Vanquished Creatures (collateral kills)
  A jelly (D:5)
  5 gnolls
  A dart slug (D:5)
  A jackal (D:5)
  A quokka (D:4)
9 creatures vanquished.

Vanquished Creatures (others)
  An ice beast (D:5)
  An ogre (D:5)
  A centaur (D:5)
  A gnoll (D:6)
  An adder (D:4)
  12 plants (D:2)
17 creatures vanquished.

Grand Total: 152 creatures vanquished

Notes
Turn   | Place    | Note
-------+----------+-------------------------------------------
     0 | D:1      | M4edhros the Octopode Artificer began the quest for the
                  | Orb.
     0 | D:1      | Reached XP level 1. HP: 13/13 MP: 1/1
    64 | D:2      | Reached skill level 2 in Stealth
    64 | D:2      | Reached XP level 2. HP: 5/18 MP: 2/2
    64 | D:2      | Reached XP level 3. HP: 7/23 MP: 3/3
   340 | D:5      | Entered Level 5 of the Dungeon
   340 | D:5      | Noticed a necrophage
   350 | D:5      | Killed a necrophage
   351 | D:5      | Reached skill level 3 in Stealth
   351 | D:5      | Reached XP level 4. HP: 19/28 MP: 4/4
   397 | D:6      | Reached XP level 5. HP: 31/33 MP: 5/5
   408 | D:6      | Noticed a black bear
   418 | D:6      | Killed a black bear
   419 | D:6      | Reached skill level 4 in Stealth
   419 | D:6      | Reached XP level 6. HP: 21/38 MP: 6/6
   474 | D:5      | Reached skill level 5 in Dodging
   475 | D:5      | Learned a level 1 spell: Apportation
   745 | D:5      | Noticed Menkaure
   745 | D:5      | Noticed an ice beast
   753 | D:5      | Killed Menkaure
   754 | D:5      | Reached skill level 5 in Stealth
   754 | D:5      | Reached skill level 1 in Unarmed Combat
   754 | D:5      | Reached skill level 5 in Evocations
   754 | D:5      | Reached XP level 7. HP: 40/43 MP: 7/7
   770 | D:5      | Noticed Eustachio
   790 | D:5      | Killed Eustachio
   867 | D:6      | Found a staircase to the Ecumenical Temple.
   878 | Temple   | Entered the Ecumenical Temple
   895 | Temple   | Became a worshipper of Xom the Less-Predictable
   900 | Temple   | Fell from the grace of Xom
   900 | Temple   | Became a worshipper of Cheibriados the Contemplative
  1118 | D:3      | Found a shimmering blue altar of Sif Muna.
  1118 | D:3      | Found a white marble altar of Elyvilon.
  1123 | D:3      | Found a faded altar of an unknown god.
  1125 | D:3      | Found a faded altar of an unknown god.
  1126 | D:3      | Found a stormy altar of Qazlal.
  1179 | D:3      | Found a runed translucent door.
  1185 | D:3      | Noticed fly's ghost (weakling DgDe)
  1204 | D:3      | Killed fly's ghost
  1220 | D:3      | Found a runed translucent door.
  1296 | D:3      | Found a shadowy altar of Dithmenos.
  1296 | D:3      | Found Reus's Distillery.
  1305 | D:3      | Bought a potion of might for 44 gold pieces
  1305 | D:3      | Bought a potion of lignification for 33 gold pieces
  1360 | D:2      | Reached * piety under Cheibriados
  1377 | D:2      | Noticed Terence
  1389 | D:2      | Killed Terence
  1390 | D:2      | Reached XP level 8. HP: 32/48 MP: 8/8
  1390 | D:2      | XOM: noise
  1515 | D:2      | XOM: give mutations
  1515 | D:2      | Gained mutation: You occasionally shout uncontrollably at
                  | your foes. [Xom's mischief]
  1515 | D:2      | Gained mutation: You occasionally lose the ability to read
                  | scrolls when taking damage. [Xom's mischief]
  1515 | D:2      | Gained mutation: You are clumsy. (Dex -2) [Xom's mischief]
  1837 | D:1      | Reached skill level 6 in Stealth
  2029 | D:3      | XOM: fake destruction
  2037 | D:3      | Reached ** piety under Cheibriados
  2080 | D:3      | XOM: draining
  2188 | D:3      | Lost mutation: You occasionally shout uncontrollably at
                  | your foes. [potion of mutation]
  2188 | D:3      | Lost mutation: You are clumsy. (Dex -2) [potion of
                  | mutation]
  2188 | D:3      | Lost mutation: You occasionally lose the ability to read
                  | scrolls when taking damage. [potion of mutation]
  2188 | D:3      | Gained mutation: You are frail. (-10% HP) [potion of
                  | mutation]
  2188 | D:3      | Gained mutation: You are agile. (Dex +4, Str/Int -1)
                  | [potion of mutation]
  2191 | D:3      | Shot with a sling bullet by a hobgoblin

Illustrated notes

Levels and vault maps discovered:
D:1:      dpeg_arrival_erosion, layout_basic
D:2:      wad_lake_hut, layout_basic, minmay_domino_2, uniq_terence
D:3:      minmay_goblin_kobold_castle, layout_basic,
          grunt_dithmenos_smoke_and_mirrors,
          chequers_temple_overflow_minitemple, ebering_ghost_sewer_f,
          serial_shops, shop
D:4:      layout_gridville, zin_treasury
D:5:      layout_rooms, uniq_menkaure, uniq_blork_the_orc, uniq_eustachio
D:6:      layout_cave_pools, minmay_temple_entry_large_hall,
          kennysheep_generic_room_8
Temple:   nicolae_temple_ecumenical_triangle

Skill      XL: |  1  2  3  4  5  6  7  8 |
---------------+-------------------------+-----
Dodging        | 3 4 5 |  5.9
Stealth        | 2 3 4 5 6 |  6.1
Evocations     | 4 5 |  5.7
Unarmed Combat | 1 3 |  3.5
Fighting       | |  1.0

Action                   |  1- 3 |  4- 6 |  7- 9 || total
-------------------------+-------+-------+-------++-------
Melee: Unarmed           |    41 |    55 |   180 ||   276
       Tentacles         |    12 |    21 |    40 ||    73
       Constrict         |    12 |    23 |    47 ||    82
       Punch             |     1 |     4 |     7 ||    12
Evoke: Wand              |     8 |    14 |    15 ||    37
  Use: Potion            |       |     2 |     6 ||     8
 Stab: Sleeping          |       |     1 |     7 ||     8
       Paralysed         |       |       |     8 ||     8
Armor: Skin              |     7 |     1 |    42 ||    50
Dodge: Dodged            |    36 |    27 |   177 ||   240

Table legend: (Time is in decaauts)
 A = Elapsed time spent in this place.
 B = Non-inter-level travel time spent in this place.
 C = Inter-level travel time spent in this place.
 D = Time resting spent in this place.
 E = Time spent auto-exploring this place.
 F = Levels seen in this place.
 G = Mean time per level.
                   A        B        C        D        E       F      G
               +--------+--------+--------+--------+--------+-----+--------+
         Total |   2562 |   2543 |     19 |      2 |      0 |   7 |  366.0 |
       Dungeon |   2531 |   2512 |     19 |      2 |      0 |   6 |  421.8 |
        Temple |     31 |     31 |      0 |      0 |      0 |   1 |   31.0 |
               +--------+--------+--------+--------+--------+-----+--------+

Top non-repeatable levels by time:
     D:3: 811 daAuts
     D:2: 465 daAuts
     D:4: 462 daAuts
     D:1: 410 daAuts
     D:5: 216 daAuts
     D:6: 165 daAuts
  Temple: 31 daAuts
